← All builds
Front / Armada / Quick factory / OBSERVED BUILD

Mace rush

Armada Front build order · Supreme Isthmus

A very early T1 bot assault from the Bot Lab, pushing Mace bots to the middle from under 2:00, far ahead of the role's norm, sometimes reaching into the enemy base before shifting to the usual later army.

#rush #raid · 60 distinct matches · 31 players · 2% of Armada Front games · team won 52% of 60 · Recently observed

THE CATCH, AND WHAT COMES WITH IT
  • MaceT1 bot assault from 2:00 · 4% of role by thenFrom the Bot Lab. Only 4% of Front games have it by then; others who build it get it around 2:57
  • MaceMace in 73%3% of all Front games by then

Where those units first fight, in 60 games with kill data: in the middle 92%, on their own side 8%.

Those units destroy a typical 2,006 metal of enemy units by 15:00.

Then transitions into rocketeer (14% of army), pawn (10% of army), centurion (8% of army).

HOW TO PLAY IT

Key timing: Mace by 2:36

  1. Open double mex into fast Bot Lab, skip extra eco.
  2. Finish Bot Lab early and start cranking Mace.
  3. Push first Mace straight to middle, harass enemy eco.
  4. Keep feeding Mace to front as your main force.
  5. Reclaim Bot Lab and shift into mixed bot army.

Phase by phase

TYPICAL OF ITS 60 GAMES · AGAINST STANDARD FRONT
  1. 1
  2. 2
  3. 3
  4. 4
PLAY THE OPENING

Follow the example game's first 6:00 step by step: what to build now, what comes next, and where it goes. At 1× it keeps pace with your own game.

  1. 1

    Up to the Bot Lab

    Economy
    • Metal Extractor2Mex
    Order
    1. Bot LabBot Lab after 2 mexdone ~0:35, middle half 0:27–0:41

    By 0:19 in all: 2 mex

    The example game in this phase · 2 steps
    1. Mex ×2
    2. Bot LabBot Labdone 0:33 · typical 0:35
  2. 2

    Bot Lab to T1 bot assault

    Economy
    • Metal Extractor2Mex
    • Wind Turbine2Wind
    Order
    1. MaceT1 bot assault after 4 mex, 2 wind
    Builders
    • Construction Bot2 Con bot +2 vs standard
    • Lazarus1 Lazarus
    Army
    • Tick3 Tick +3 vs standard

    Some games also: pawn (48%) · centurion (37%)

    By 1:57 in all: 4 mex · 2 wind

    The example game in this phase · 40 steps
    1. LazarusLazarus
    2. TickTick
    3. Mex
    4. TickTick ×2
    5. Construction BotCon bot ×2
    6. CenturionCenturion
    7. Mex
    8. Construction BotCon bot
    9. Mex
    10. CenturionCenturion
    11. Mex
    12. CenturionCenturion
    13. Construction BotCon bot
    14. Radar TowerRadar Tower
    15. RocketeerRocketeer
    16. SentrySentry
    17. RocketeerRocketeer
    18. SentrySentry
    19. RocketeerRocketeer ×2
    20. Wind
    21. RocketeerRocketeer
    22. Wind
    23. RocketeerRocketeer
    24. Con turret
    25. RocketeerRocketeer
    26. Wind ×2
    27. RocketeerRocketeer
    28. Wind
    29. RocketeerRocketeer
    30. Radar TowerRadar Tower
    31. Wind
    32. RocketeerRocketeer
    33. Construction BotCon bot ×2
    34. Wind
    35. RocketeerRocketeer
    36. Wind
    37. RocketeerRocketeer
    38. Wind
    39. RocketeerRocketeer ×2
    40. MaceMacedone 5:03
  3. 3

    T1 bot assault to 5:00

    Economy
    • Metal Extractor3Mex
    Builders
    • Lazarus1 Lazarus
    • Construction Bot1 Con bot
    Army
    • Sentry1 Sentry
    • Mace9 Mace +9 vs standard

    Some games also: wind (47%) · con turret (42%) · rocketeer (42%)

    The standard build makes here, this one skips: 2 wind · 6 rocketeer

    By 5:00 in all: 6 mex · 4 wind · 1 con turret

  4. 4

    5:00 to 10:00

    Economy
    • Metal Extractor1Mex
    • Wind Turbine20Wind
    Builders
    • Construction Turret2 Con turret
    • Construction Bot2 Con bot +2 vs standard
    • Lazarus1 Lazarus
    Army
    • Sentry1 Sentry
    • Mace4 Mace +4 vs standard

    Some games also: energy storage (50%) · Radar Tower (50%) · rocketeer (45%) · converter (40%) · centurion (37%) · eat Bot Lab (32%)

    By 10:00 in all: 8 mex · 28 wind · 1 energy storage · 3 con turret

    The example game in this phase · 173 steps
    1. Wind
    2. Energy storage
    3. MaceMace
    4. LazarusLazarus
    5. Wind
    6. Mex
    7. MaceMace
    8. Wind
    9. Converter
    10. MaceMace
    11. Wind
    12. MaceMace
    13. Converter
    14. MaceMace
    15. Wind
    16. MaceMace
    17. Converter
    18. Wind
    19. MaceMace ×2
    20. Wind
    21. Converter
    22. MaceMace
    23. Con turret
    24. Wind
    25. MaceMace
    26. Wind
    27. MaceMace
    28. Wind
    29. MaceMace
    30. Converter
    31. MaceMace
    32. Wind ×2
    33. Converter
    34. MaceMace
    35. SentrySentry
    36. Wind
    37. Converter
    38. Wind
    39. MaceMace
    40. SentrySentry
    41. Wind
    42. Converter
    43. MaceMace
    44. Wind
    45. Converter
    46. Wind
    47. MaceMace
    48. Wind
    49. Converter
    50. Construction BotCon bot
    51. Wind ×2
    52. Converter
    53. Construction BotCon bot
    54. Wind ×2
    55. Converter
    56. Construction BotCon bot
    57. Wind
    58. LazarusLazarus
    59. Wind
    60. Converter
    61. Wind
    62. Construction BotCon bot
    63. Con turret
    64. Wind ×2
    65. Construction BotCon bot
    66. Wind
    67. Con turret
    68. Wind
    69. Converter
    70. Wind
    71. MaceMace
    72. Wind
    73. GauntletGauntletdone 9:33
    74. Wind
    75. Advanced Metal ExtractorT2 mexdone 9:35 · typical 9:29
    76. Wind ×7
    77. Advanced Metal ExtractorT2 mex
    78. Wind ×2
    79. Con turret
    80. Wind
    81. Radar TowerRadar Tower
    82. Wind
    83. Construction BotCon bot
    84. Advanced Metal ExtractorT2 mex
    85. Wind ×3
    86. Construction BotCon bot
    87. Wind ×2
    88. Converter
    89. Con turret
    90. Construction BotCon bot
    91. Wind ×2
    92. Bot LabEat Bot Labreclaimed for its metal
    93. Wind ×3
    94. Advanced Metal ExtractorT2 mex
    95. Wind ×2
    96. Converter
    97. Wind ×2
    98. Con turret
    99. Wind ×2
    100. Sneaky PeteSneaky Pete
    101. Wind ×4
    102. Converter
    103. Wind
    104. Advanced Bot LabAdvanced Bot Labdone 11:58
    105. Advanced Metal ExtractorT2 mex
    106. Wind
    107. Mex
    108. Con turret
    109. Wind ×5
    110. Converter
    111. Wind ×5
    112. HoundHound
    113. Wind ×2
    114. Advanced Metal ExtractorT2 mex
    115. Wind
    116. SmugglerJammer bot
    117. Wind
    118. Converter
    119. CompassRadar bot
    120. Wind
    121. HoundHound
    122. Wind ×2
    123. HoundHound
    124. Wind ×2
    125. HoundHound
    126. Wind ×3
    127. Converter
    128. Bot LabBot Labdone 13:52
    129. HoundHound
    130. Wind ×2
    131. Con turret
    132. Wind ×2
    133. Con turret
    134. Wind
    135. LazarusLazarus
    136. HoundHound
    137. Wind
    138. LazarusLazarus
    139. HoundHound
    140. Bot LabBot Labdone 14:47
    141. Wind
    142. LazarusLazarus
    143. HoundHound
    144. Wind
    145. Converter
    146. LazarusLazarus
    147. Wind
    148. HoundHound
    149. Wind
    150. LazarusLazarus
    151. HoundHound
    152. LazarusLazarus
    153. Wind
    154. HoundHound
    155. PawnPawn
    156. Wind
    157. PawnPawn
    158. Wind
    159. HoundHound
    160. PawnPawn
    161. Advanced Metal ExtractorT2 mex
    162. Wind
    163. HoundHound
    164. PawnPawn
    165. Wind
    166. PawnPawn ×2
    167. HoundHound
    168. PawnPawn
    169. Converter
    170. Wind
    171. Con turret
    172. Wind
    173. HoundHound

Counts are medians over the build's games: half of them build more, half fewer. The example game is OUDLES's (35 OS, 09/10/2026); pick another.

Team trades

IN AT LEAST 30% OF ITS GAMES

You hand over

Nothing regular.

You get

  • Tidal Generator4 Tidal from Pondfirst at 0:15 · in 63% of games
  • Tidal Generator4 Tidal from Pondfirst at 0:19 · in 32% of games
  • Advanced Construction Bot1 T2 con bot from Geo or Techfirst at 7:50 · in 68% of games

How it plays out

Typical game of this build against the role’s standard build, running totals by minute

  • This build
  • Standard front

Metal produced

010k20k30k
0:005:0010:0015:00

metal

Enemy metal destroyed

05k10k
0:005:0010:0015:00

metal

Own metal lost

05k10k
0:005:0010:0015:00

metal

60 games.

Show as table
ByMetal produced: This buildMetal produced: Standard frontEnemy metal destroyed: This buildEnemy metal destroyed: Standard frontOwn metal lost: This buildOwn metal lost: Standard front
1:003303330000
2:008428400212131
3:001645161810813585108
4:0027052700401522328333
5:00396338478801128806787
6:00520150351461192813601428
7:00650562501974272021272303
8:00781975353035354630013173
9:00932089734091433037654071
10:0011239105424522501146704810
11:0013219123755010554052565548
12:0014831145285622599856226409
13:0017504168596512647064717001
14:0020188192176889718675517827
15:0022589218497460787091378694
WHAT THE NUMBERS SAY

Won less often than the standard build despite similar early production, trading slightly less enemy metal destroyed for slightly more own losses by 15:00.

  • + Mace arrives by 5:57 in 90% of games vs 2% for the role.
  • − Team win rate 50% vs 62% for the standard build.
  • − Metal lost by 15:00 (9434) higher than standard (8941).
THE EXAMPLE YOU ARE READING

OUDLES

35.5 OS · 09/10/2026

Open source match ↗

21 received units · includes a constructor
1 metal received · 49272 energy received

Allied construction assistance is unknown. Timings are observations, not a promise of solo reproducibility.

Typical milestones

Bot Lab0:35Middle 50%: 0:27–0:41 · n=60
Advanced Metal Extractor9:29Middle 50%: 8:45–10:11 · n=47

Played most by

TheGeneraI10games of this build[crd]sisa7games of this buildOUDLES4games of this buildXuunnY4games of this build_[BOBO]_3games of this build